 Dungeon Crawl Stone Soup version 0.27.1-4-g1640c2035a (webtiles) character file.

Game seed: 15145323306072347379

46 Findor the Firebug (level 3, -5/21 HPs)
             Began as an Octopode Fire Elementalist on Nov 17, 2021.
             Slain by a gnoll (15 damage)
             ... on level 2 of the Dungeon.
             The game lasted 00:03:28 (2034 turns).

Findor the Firebug (Octopode Fire Elementalist)     Turns: 2034, Time: 00:03:28

Health: -5/21      AC:  1    Str:  7    XL:     3   Next: 68%
Magic:  3/6        EV: 13    Int: 18    God:
Gold:   77         SH:  0    Dex: 12    Spells: 0/6 levels left

rFire    . . .     SeeInvis .   a - +1 whip
rCold    . . .     Faith    .   (no shield)
rNeg     . . .     Spirit   .   (helmet restricted)
rPois    .         Reflect  .   (no amulet)
rElec    .         Harm     .   (no ring)
rCorr    .         Rampage  .   (no ring)
Will     .....                  (no ring)
Stlth    +++.......             (no ring)
HPRegen  0.07/turn              (no ring)
MPRegen  0.10/turn              (no ring)
                                (no ring)
                                (no ring)

@: no status effects
A: almost no armour, amphibious, 8 rings, camouflage 1, gelatinous body 1,
(nimble swimmer 1), tentacles
a: no special abilities


You were on level 2 of the Dungeon.
You visited 1 branch of the dungeon, and saw 2 of its levels.

You collected 77 gold pieces.


Innate Abilities, Weirdness & Mutations

You cannot wear most types of armour.
You are amphibious.
You can wear up to eight rings at the same time.
Your skin changes colour to match your surroundings (Stealth+).
Your rubbery body absorbs attacks. (AC +1, EV +1)
((You are camouflaged near water. (Stealth+)))
You have tentacles for arms and can constrict up to eight enemies at once.


   Skills:
 - Level 2.0 Dodging
 - Level 2.6 Stealth
 + Level 2.4 Spellcasting
 + Level 1.8 Conjurations
 * Level 3.9 Fire Magic


You couldn't memorise any spells.
You knew the following spells:

 Your Spells              Type           Power      Damage    Failure   Level
a - Foxfire               Conj/Fire      48%        2x1d6     5%          1
b - Passwall              Tmut/Erth      1%         N/A       26%         2
d - Conjure Flame         Conj/Fire      12%        6-21      16%         3

Your spell library contained the following spells:

 Spells                   Type           Power      Damage    Failure   Level
 Pain                     Necr           8%         1d4       17%         1
 Sandblast                Erth           4%         2d4       17%         1
 Sting                    Tmut/Pois      8%         1d3       17%         1
 Inner Flame              Hex/Fire       9%         N/A       24%         3
 Poisonous Vapours        Pois/Air       4%         N/A       26%         2
 Sticky Flame             Conj/Fire      12%        2d4       47%         4
 Fireball                 Conj/Fire      6%         3d5       83%         5
 Olgreb's Toxic Radiance  Pois           2%         N/A       86%         4
 Agony                    Necr           2%         N/A       99%         5
 Excruciating Wounds      Necr           1%         N/A       99%         5
 Lee's Rapid Deconstruct  Erth           1%         3d5*      99%         5

Inventory:

Hand Weapons
 a - a +1 whip (weapon)
   (You found it on level 1 of the Dungeon)
Scrolls
 f - a scroll of enchant armour {unknown}
 g - a scroll of silence {unknown}
Potions
 b - a potion of flight {unknown}
 c - a potion of degeneration {unknown}
 d - 2 potions of heal wounds {unknown}
 e - a potion of curing {unknown}


Message History

a +0 short sword; 5 stones
There is a stone staircase leading up here.
There is a stone staircase leading up here.
Things that are here:
a +0 short sword; 5 stones
Found a scroll labelled SUMUAR DUDORIFA.
g - a scroll labelled SUMUAR DUDORIFA
Found a Young Poisoner's Handbook.
An endoplasm comes into view.
Casting: Foxfire (safe; 5% risk of failure)
You conjure some foxfire!
The foxfire hits the endoplasm.
The endoplasm quivers.
The foxfire hits the endoplasm.
Casting: Foxfire (safe; 5% risk of failure)
You conjure some foxfire!
The foxfire hits the endoplasm.
You kill the endoplasm!
You pick up a Young Poisoner's Handbook and begin reading...
You add the spells Sting, Poisonous Vapours and Olgreb's Toxic Radiance to your library.
Okay, then.
Unknown command.
This spell is quite dangerous to cast!
Memorise Passwall, consuming 2 spell levels and leaving 3?
You start memorising the spell.
You continue memorising. x2
You finish memorising.
Spell assigned to 'b'.
This spell is extremely dangerous to cast!
Memorise Conjure Flame, consuming 3 spell levels and leaving 0?
You start memorising the spell.
You continue memorising. x3
You finish memorising.
Spell assigned to 'd'.
The gnoll shouts!
Casting: Foxfire (safe; 5% risk of failure)
You conjure some foxfire!
The foxfire hits the gnoll.
Casting: Foxfire (safe; 5% risk of failure)
You conjure some foxfire!
The foxfire hits the gnoll. x2
The gnoll hits you from afar with a +0 halberd!
Ouch! That really hurt!
* * * LOW HITPOINT WARNING * * *
Casting: Foxfire (safe; 5% risk of failure)
You conjure some foxfire!
The gnoll misses you.
The foxfire hits the gnoll. x2; The gnoll barely misses you.
Unknown command.
Casting: Foxfire (safe; 5% risk of failure)
You conjure some foxfire!
The gnoll barely misses you.
The foxfire hits the gnoll but does no damage. x2
The gnoll hits you from afar with a +0 halberd!
Ouch! That really hurt!
You die...

#.# #...).....#
#.###########.#####...#
#.#...................#
#.#.#########...#.....###
#.#.# #...#.#...... #.#.#
#............ #...#
#.....#.#.###
###.###########...###......
#...<...)§@.g.......###.###
#.#######.§................
#.#...............#.#######
#.#.#####.##......#.# #
#.#.# #.#.##.###..#.# #
#.#.# #.#.##.# #..#.# #
#.#.###.#.##.####.#.# #
#.#.....#.##........# #
#.#######.#######.### #


You could see a gnoll.

Vanquished Creatures
  2 gnolls
  4 bats
  4 endoplasms
  2 giant cockroaches
  A goblin (D:1)
  2 hobgoblins (D:1)
  2 ball pythons (D:2)
  2 frilled lizards (D:1)
  5 kobolds
  3 rats
27 creatures vanquished.

Vanquished Creatures (others)
  66 foxfires
66 creatures vanquished.

Grand Total: 93 creatures vanquished

Notes
Turn   | Place    | Note
-------+----------+-------------------------------------------
     0 | D:1      | Findor the Octopode Fire Elementalist began the quest for
                  | the Orb.
     0 | D:1      | Reached XP level 1. HP: 11/11 MP: 3/3
   278 | D:1      | Reached XP level 2. HP: 17/17 MP: 1/5
   614 | D:1      | Found a faded altar of an unknown god.
  1311 | D:2      | Reached XP level 3. HP: 21/21 MP: 1/6
  1954 | D:2      | Learned a level 2 spell: Passwall
  1958 | D:2      | Learned a level 3 spell: Conjure Flame
  2034 | D:2      | Slain by a gnoll

Levels and vault maps discovered:
D:1:      dpeg_arrival_solitude, layout_loops_ring,
          ebering_ecumenical_altar_rust
D:2:      layout_basic

Action                   || total
-------------------------++-------
Melee: Whip              ||    16
       Constrict         ||     5
       Tentacles         ||     2
 Cast: Foxfire           ||    42
  Use: Scroll            ||     1
 Stab: Sleeping          ||     3
Armor: Skin              ||     2
Dodge: Dodged            ||    25
